 Dungeon Crawl Stone Soup version 0.18-a0-705-g580043c (webtiles) character file.

233 Saitama the Insei (level 5, -8/42 HPs)
             Began as a Mummy Monk on Dec 6, 2015.
             Killed by divine providence
             ... invoked by an orc priest
              (9 damage)
             ... on level 2 of the Dungeon on Dec 7, 2015.
             The game lasted 00:18:15 (5401 turns).

Saitama the Insei (Mummy Monk)                      Turns: 5401, Time: 00:18:15

Health: -8/42      AC:  3    Str: 14    XL:     5   Next: 75%
Magic:  5/5        EV: 13    Int: 10    God:
Gold:   271        SH:  0    Dex: 15    Spells: 0 memorised, 4 levels left

rFire  . . .     SeeInvis .       - Unarmed
rCold  . . .     Clarity  .     (no armour)
rNeg   + + +     SustAt   .     (no shield)
rPois  ∞         Gourm    .     (no helmet)
rElec  .         Spirit   .     i - +2 cloak
rCorr  .         Dismiss  .     (no gloves)
rMut   .         Stasis   .     (no boots)
MR     .....                    (no amulet)
Stlth  ++........               (no ring)
                                f - ring of fire

@: not resistant to hostile enchantments, unstealthy
A: no food or potions, fire vulnerability, cold resistance 1, negative energy
resistance 3, torment resistance, unbreathing
a: no special abilities


You were on level 2 of the Dungeon.
You were not hungry.

You visited 1 branch of the dungeon, and saw 4 of its levels.

You collected 271 gold pieces.

Inventory:

Armour
 i - a +2 cloak (worn)
Jewellery
 f - a ring of fire (left hand)
 k - an uncursed ring of poison resistance {lava}
Scrolls
 a - a scroll of teleportation {unknown}
 d - 3 scrolls of remove curse {unknown}
 e - 7 scrolls of identify {unknown}
 h - a scroll of recharging {unknown}
 j - a scroll of noise {unknown}
Comestibles
 b - a bread ration
 c - a meat ration (quivered)
 g - a royal jelly


   Skills:
 + Level 4.3 Fighting
 - Level 2.4 Dodging
 - Level 1.5 Stealth
 - Level 5.2 Unarmed Combat


You had 4 spell levels left.
You didn't know any spells.

Dungeon Overview and Level Annotations

Branches:
Dungeon (4/15)
 Temple: D:4-7

Altars:
Dithmenos

Annotations:
D:2 exclusion: downstairs
D:3 Robin


Innate Abilities, Weirdness & Mutations

You do not eat or drink.
Your flesh is vulnerable to fire.
You are immune to poison.
Your flesh is cold resistant.
You are immune to negative energy.
You are immune to unholy pain and torment.
You can survive without breathing.


Message History

The floor.
An orc priest comes into view. It is wielding a club.
An orc priest comes into view.
The orc priest shouts!
Read which item? (? for menu, Esc to quit)
Okay, then.
The orc priest shouts!
The orc priest looks braver for a moment.
The orc priest casts a cantrip, but nothing happens.
The orc warrior hits you with a broad axe!
* * * LOW HITPOINT WARNING * * *
The orc priest calls down the wrath of Beogh upon you.
You struggle to resist.
The orc priest looks braver for a moment.
The orc priest invokes the aid of Beogh against you.
You are unaffected.
You see here 18 stones.
The orc priest invokes the aid of Beogh against you.
Something smites you!
You die...

#######....(......#########..###.
.##.............### #....#.
.)...>............## ##!#.#.
...................## #)#.#.
.....)..............# #.#.##
.....)>..!.o........# ###.#...
..............o.....# #.......
....................### #.......
..........#..oo(@.....####......#
.........##.........#)...........
.##.....###.........######.......
######### #.........# #.......
#.........# #....... #.........#
#######. ##.......## ## ##.....##
#######


You could see an orc warrior, 2 orc priests and an orc.

Vanquished Creatures
  2 hounds
  An orc priest (D:4)
  A gnoll (D:3)
  3 adders (D:2)
  An ooze (D:1)
  3 worms
  4 giant geckos
  3 orcs
  2 ball pythons (D:2)
  5 bats
  14 giant cockroaches
  12 goblins
  9 hobgoblins
  6 jackals
  5 kobolds
  3 quokkas
  3 giant newts
  3 rats
  A fungus (D:2)
81 creatures vanquished.

Vanquished Creatures (others)
  2 fungi (D:2)
2 creatures vanquished.

Grand Total: 83 creatures vanquished

Notes
Turn   | Place    | Note
--------------------------------------------------------------
     0 | D:1      | Saitama the Mummy Monk began the quest for the Orb.
     0 | D:1      | Reached XP level 1. HP: 18/18 MP: 1/1
   487 | D:1      | Reached XP level 2. HP: 22/24 MP: 2/2
  1021 | D:1      | Reached skill level 4 in Unarmed Combat
  1500 | D:2      | Reached XP level 3. HP: 24/29 MP: 3/3
  3226 | D:2      | Reached XP level 4. HP: 35/35 MP: 4/4
  3569 | D:2      | Found a shadowy altar of Dithmenos.
  4034 | D:3      | kek
  4051 | D:2      | Reached skill level 5 in Unarmed Combat
  4089 | D:2      | Reached XP level 5. HP: 26/41 MP: 5/5
  4396 | D:3      | Noticed Robin
  4489 | D:3      | simply epic
  4606 | D:3      | Upgraded the game from 0.18-a0-674-g00855b9 to 0.18-a0-705-g580043c
  4890 | D:2      | Noticed an orc warrior
  5397 | D:2      | HP: 1/42 [orc warrior/broad axe (7)]
  5401 | D:2      | Killed from afar by an orc priest

Vault maps used:
D:1:      scummos_arrival_simple_fountains, minmay_misc_feat_pillars,
          amethyst_killhole
D:2:      minmay_gold_behind_fungi, grunt_dithmenos_smoke
D:3:      first_bread, kennysheep_cross_room, cheibrodos_gnoll_hut, uniq_robin
D:4:      minitemple, minmay_temple_entry_metal_lava, okawaru_ov_weapons_minmay

Action                   |  1- 3 |  4- 6 || total
-------------------------+-------+-------++-------
Melee: Unarmed           |   209 |   153 ||   362
 Stab: Sleeping          |     3 |       ||     3
